 Dungeon Crawl Stone Soup version 0.30-a0-219-gf2db51d15e (webtiles) character file.

Game seed: 13220393463577086197

47393 Ijustatesigmund the Fighter (level 14, -4/96 HPs)
             Began as a Gargoyle Fighter on Oct 6, 2022.
             Was an Elder of the Shining One.
             Killed by divine providence
             ... invoked by a sphinx
             ... summoned by Kirke
              (9 damage)
             ... on level 3 of the Lair of Beasts.
             The game lasted 00:34:09 (16186 turns).

Ijustatesigmund the Fighter (Gargoyle Fighter)     Turns: 16186, Time: 00:34:10

Health: -4/96      AC:  0    Str: 25    XL:     14   Next: 41%
Magic:  15/22      EV: 16    Int:  9    God:    the Shining One [****..]
Gold:   1439       SH: 10    Dex:  9    Spells: 12/13 levels left

rFire   . . .      SeeInvis .    (weapon currently unavailable)
rCold   . . .      Faith    .    (shield currently unavailable)
rNeg    + + +      Spirit   .    (body armour currently unavailable)
rPois   ∞          Reflect  .    (helmet currently unavailable)
rElec   .          Harm     .    (cloak currently unavailable)
rCorr   .          Rampage  .    (gloves currently unavailable)
Will    +....                    (boots currently unavailable)
Stlth   +.........               i - amulet of regeneration
HPRegen 1.16/turn                (ring currently unavailable)
MPRegen 0.18/turn                (ring currently unavailable)

@: divinely shielded, pig-form, glowing, very quick
A: fast, no casting, sickness immunity, AC +10, small, (big wings), negative
energy resistance 1, (electricity resistance), torment resistance 1,
petrification resistance, (claws 1), (iridescent scales 1), sense surroundings
1, MP-powered wands
a: Renounce Religion, Divine Shield, Cleansing Flame


You were on level 3 of the Lair of Beasts.
You worshipped the Shining One.
The Shining One was greatly pleased with you.
You were a filthy swine.
You visited 3 branches of the dungeon, and saw 18 of its levels.

You collected 1537 gold pieces.
You spent 98 gold pieces at shops.

Inventory:

Hand Weapons
 a - a +0 morningstar of venom (melded)
Missiles
 r - 3 curare-tipped darts (quivered)
 O - 4 throwing nets
Armour
 b - +0 acid dragon scales (melded)
 c - a +0 kite shield (melded)
 h - a +2 cloak of willpower (melded)
 B - a +2 helmet (melded)
 K - a +1 helmet
Jewellery
 i - an amulet of regeneration (around neck)
 n - an amulet of reflection
 o - an amulet of the acrobat
 q - a ring of willpower
 u - a ring of willpower (melded)
 y - a ring of positive energy
 J - a ring of protection from cold
 L - a +4 ring of protection (melded)
 M - an amulet of magic regeneration
Wands
 e - a wand of iceblast (7)
 g - a wand of paralysis (19)
 x - a wand of flame (31)
 C - a wand of polymorph (14)
 E - a wand of quicksilver (1)
 F - a wand of mindburst (4)
Scrolls
 d - a scroll of enchant armour
 l - 2 scrolls of poison
 m - 4 scrolls of teleportation
 p - 2 scrolls of fog
 D - 2 scrolls of immolation
 H - 3 scrolls of identify
Potions
 f - 2 potions of flight
 j - 2 potions of resistance
 k - 5 potions of haste
 s - 2 potions of brilliance
 t - 3 potions of mutation
 v - 4 potions of lignification
 w - a potion of cancellation
 z - 3 potions of magic
 A - 5 potions of might
 G - 6 potions of curing
 I - 6 potions of heal wounds
 N - 2 potions of berserk rage
 Q - a potion of attraction


   Skills:
 + Level 14.9 Fighting
 + Level 13.6 Maces & Flails
 + Level 7.9 Armour
 - Level 6.6 Dodging
 - Level 5.8 Shields
 + Level 0.3 Translocations
 - Level 11.7 Invocations
 - Level 4.3 Evocations


You had 12 spell levels left.
You knew the following spells:

 Your Spells              Type           Power      Damage    Failure   Level
a - Apportation           Tloc           0%         N/A       34%         1

Your spell library contained the following spells:

 Spells                   Type           Power      Damage    Failure   Level
 Sandblast                Erth           0%         2d4       38%         1
 Slow                     Hex            0%         N/A       38%         1
 Passwall                 Tmut/Erth      0%         N/A       52%         2
 Scorch                   Fire           0%         2d5       52%         2
 Confusing Touch          Hex            0%         N/A       77%         3
 Stone Arrow              Conj/Erth      0%         3d7       77%         3
 Tukima's Dance           Hex            0%         N/A       77%         3
 Vampiric Draining        Necr           0%         2d6       77%         3
 Passage of Golubria      Tloc           0%         N/A       98%         4
 Flame Wave               Conj/Fire      0%         2d4       99%         4
 Alistair's Intoxication  Tmut/Pois      0%         N/A       100%        5
 Blade Hands              Tmut           0%         N/A       100%        5
 Irradiate                Conj/Tmut      0%         3d11      100%        5
 Yara's Violent Unravell  Hex/Tmut       0%         3d3       100%        5
 Summon Cactus Giant      Summ           0%         N/A       100%        6
 Dragon Form              Tmut           0%         N/A       100%        7


Dungeon Overview and Level Annotations

Branches:
Dungeon (14/15)            Temple (1/1) D:7            Lair (3/5) D:9
  Snake (0/4) Lair:2          Orc (0/2) D:9          Vaults (0/5) D:14
  Swamp: Lair:2-3    Shoals: Lair:2-3

Altars:
Ashenzari
Cheibriados
Dithmenos
Hepliaklqana
Nemelex Xobeh
Sif Muna
Uskayaw
Wu Jian
Yredelemnul
The Shining One

Shops:
D:12 *

Annotations:
D:5 1 runed translucent door
Lair:3 Kirke


Innate Abilities, Weirdness & Mutations

You are a filthy swine.
You move quickly.
Your equipment is almost entirely melded.
You are incapable of wielding weapons or throwing items.
You cannot cast spells.
You are immune to sickness and miasma.
((Your stone body is resilient. (AC +10)))
You are immune to poison.
((Your large and strong wings let you fly.))
You resist negative energy. (rN+)
((You are resistant to electric shocks. (rElec)))
You are resistant to unholy torment.
You are immune to petrification.
((You have sharp fingernails.))
((You are partially covered in iridescent scales. (AC +2)))
You passively map a small area around you.
You expend magic power (3 MP) to strengthen your wands.


Message History

You block the sphinx's attack. x2; The sphinx hits you but does no damage.
The hog bites you but does no damage. The hog misses you.
Kirke gestures at you while chanting.
You turn into a filthy swine.
Your +0 morningstar of venom melds into your body.
Your +2 cloak of willpower melds into your body.
Your +2 helmet melds into your body.
Your +0 kite shield melds into your body.
Your +0 acid dragon scales melds into your body.
Your ring of willpower melds into your body.
Your +4 ring of protection melds into your body.
Your +0 morningstar of venom stops dripping with poison.
You feel less strong-willed. The yak gores you!
You hit Kirke.
Kirke is severely wounded.
You block the sphinx's attack. The sphinx hits you!
You block the sphinx's attack. The hog misses you. The hog bites you!
The hog bites you.
Unknown command.
You barely miss Kirke.
Kirke is severely wounded.
The sphinx hits you!!
* * * LOW HITPOINT WARNING * * *
The sphinx hits you.
* * * LOW HITPOINT WARNING * * *
The sphinx hits you.
* * * LOW HITPOINT WARNING * * *
The hog bites you.
* * * LOW HITPOINT WARNING * * *
The yak gores you.
* * * LOW HITPOINT WARNING * * *
Kirke hits you.
* * * LOW HITPOINT WARNING * * *
The hog closely misses you. You block the hog's attack.
Blink to where?
Press: ? - help, Dir - move target
As you read the scroll of blinking, it crumbles to dust.
The sphinx mumbles some strange words.
Something smites you!
You die...

,
..............#.,
...............#..
...Y.Y.........# *
.hhh.........P
#@YHY.......# * ,*
* #†§........## *
#.hhhF......# ,
#...........# * ,
#....h.....# ,
#..........#
#........###
#.......#.. *
*#........ ##
#..$.....#* ,
#.......#. *
#........## * , ,,


You could see Kirke (extremely poisoned), a sphinx (summoned), 3 elephants, a
yak, a cane toad and 6 hogs.

Vanquished Creatures
  Frances (D:14)
  A fire dragon (D:14)
  Josephine (D:9)
  3 hydras
  Harold (Lair:1)
  A catoblepas (Lair:1)
  A vault guard (D:14)
  Erolcha (D:13)
  3 boulder beetles
  2 centaur warriors (D:14)
  Lodul (D:11)
  A fire crab (D:14)
  A swamp dragon (shapeshifter) (D:13)
  A wizard (D:14)
  5 ugly things
  A deep elf pyromancer (D:14)
  A wolf spider (D:14)
  7 cyclopes
  4 oklob plants
  Maurice (D:10)
  A manticore (D:14)
  4 elephants (Lair:1)
  4 black mambas
  3 cane toads (Lair:1)
  A gargoyle (D:12)
  7 komodo dragons
  A kobold demonologist (D:13)
  2 unseen horrors
  A rime drake (Lair:1)
  The ghost of LMSNoise the Slicer, a novice KoEn (D:5)
  3 trolls
  9 slime creatures
  2 polar bears (Lair:1)
  2 blink frogs (Lair:1)
  A dream sheep (Lair:1)
  A yak (shapeshifter) (D:14)
  4 wyverns
  2 vampires (D:12)
  6 wraiths
  Eustachio (D:5)
  38 yaks
  2 basilisks
  A hog (Lair:3)
  3 vampire mosquitoes (D:13)
  Grum (Lair:1)
  16 water moccasins
  5 acid dragons
  5 ice beasts
  12 orc warriors
  2 sky beasts (D:7)
  3 black bears
  7 wolves
  7 ogres
  2 centaurs
  An ogre (shapeshifter) (D:14)
  6 phantoms
  3 kobold brigands (D:9)
  14 bullfrogs
  2 necrophages
  3 gnoll sergeants
  11 wights
  14 howler monkeys
  2 hounds
  A jelly (D:8)
  Crazy Yiuf (D:2)
  8 orc priests
  Jessica (D:2)
  2 iguanas (D:7)
  12 orc wizards
  Robin (D:2)
  11 gnolls
  11 adders
  2 worms (D:5)
  3 dart slugs
  53 orcs
  6 endoplasms
  3 giant cockroaches
  16 goblins
  10 hobgoblins
  4 jackals (D:5)
  4 quokkas
  4 ball pythons
  2 bats (D:3)
  2 frilled lizards (D:1)
  21 kobolds
  4 rats
  A bush (Lair:2)
437 creatures vanquished.

Vanquished Creatures (others)
  7 fungi
  11 plants
18 creatures vanquished.

Grand Total: 455 creatures vanquished

Notes
Turn   | Place    | Note
-------+----------+-------------------------------------------
     0 | D:1      | Ijustatesigmund the Gargoyle Fighter began the quest for
                  | the Orb.
     0 | D:1      | Reached XP level 1. HP: 14/14 MP: 1/1
   142 | D:1      | Found a faded altar of an unknown god.
   146 | D:1      | Reached XP level 2. HP: 17/19 MP: 2/2
   575 | D:2      | Reached XP level 3. HP: 24/24 MP: 3/3
   580 | D:2      | Reached skill level 4 in Fighting
   593 | D:2      | Noticed Jessica
   600 | D:2      | Killed Jessica
   620 | D:2      | Reached XP level 4. HP: 29/30 MP: 4/4
   625 | D:2      | Noticed Robin
   644 | D:2      | Killed Robin
   918 | D:2      | You fall into a shaft and drop 1 floor!
  1054 | D:2      | Reached XP level 5. HP: 34/34 MP: 5/5
  1107 | D:2      | Found a runed translucent door.
  1108 | D:2      | Noticed Crazy Yiuf
  1117 | D:2      | Killed Crazy Yiuf
  1118 | D:2      | Reached skill level 5 in Fighting
  1731 | D:4      | Reached XP level 6. HP: 40/40 MP: 6/6
  2099 | D:4      | Reached skill level 6 in Fighting
  2133 | D:4      | Reached XP level 7. HP: 46/46 MP: 7/7
  2268 | D:4      | Reached skill level 5 in Maces & Flails
  2614 | D:5      | Entered Level 5 of the Dungeon
  2674 | D:5      | Reached skill level 5 in Armour
  2680 | D:5      | Found a runed translucent door.
  2684 | D:5      | Noticed LMSNoise's ghost (novice KoEn)
  2709 | D:5      | Killed LMSNoise's ghost
  2710 | D:5      | Reached XP level 8. HP: 52/52 MP: 8/8
  2724 | D:5      | Found a runed translucent door.
  2770 | D:5      | Reached skill level 7 in Fighting
  2938 | D:5      | Noticed Eustachio
  3054 | D:5      | Killed Eustachio
  3593 | D:6      | Reached skill level 8 in Fighting
  3732 | D:6      | Reached skill level 1 in Evocations
  3732 | D:6      | Reached XP level 9. HP: 14/59 MP: 9/9
  4042 | D:6      | Found a hazy altar of Hepliaklqana.
  4454 | D:7      | Reached skill level 9 in Fighting
  4882 | D:7      | Reached XP level 10. HP: 63/67 MP: 10/10
  4890 | D:7      | Found a staircase to the Ecumenical Temple.
  4896 | Temple   | Entered the Ecumenical Temple
  4903 | Temple   | Became a worshipper of the Shining One
  4938 | D:7      | Noticed a +0 falchion
  4938 | D:7      | Noticed a +0 spear
  4939 | D:7      | Noticed a +0 short sword
  4941 | D:7      | Noticed a +0 short sword
  4941 | D:7      | Noticed a +0 spear
  4942 | D:7      | Noticed a +0 dagger
  4943 | D:7      | Noticed a +0 dagger
  4943 | D:7      | Noticed a +0 falchion
  5208 | D:7      | Found a hide-covered altar of Uskayaw.
  5392 | D:7      | Reached skill level 1 in Invocations
  5667 | D:8      | Reached skill level 10 in Fighting
  6284 | D:9      | Reached * piety under the Shining One
  6933 | D:9      | Found a staircase to the Orcish Mines.
  7042 | D:9      | Noticed an unseen horror
  7070 | D:9      | Killed an unseen horror
  7299 | D:9      | Reached skill level 11 in Fighting
  7299 | D:9      | Reached skill level 5 in Invocations
  7592 | D:9      | Found a shimmering blue altar of Sif Muna.
  7729 | D:9      | Reached XP level 11. HP: 74/74 MP: 14/14
  7734 | D:9      | Reached ** piety under the Shining One
  7786 | D:9      | Reached skill level 10 in Maces & Flails
  8035 | D:9      | Found a staircase to the Lair.
  8151 | D:10     | Entered Level 10 of the Dungeon
  8203 | D:10     | Noticed Maurice
  8228 | D:10     | Killed Maurice
  8693 | D:10     | Noticed Josephine
  8715 | D:9      | Killed Josephine
  8736 | D:10     | Reached skill level 5 in Shields
  9735 | D:11     | Noticed Lodul
  9750 | D:11     | Killed Lodul
  9751 | D:11     | Reached skill level 12 in Fighting
  9751 | D:11     | Reached skill level 1 in Dodging
  9962 | D:11     | Reached XP level 12. HP: 64/81 MP: 17/17
 10129 | D:11     | Gained mutation: Your body sometimes deteriorates upon
                  | taking damage. [potion of mutation]
 10129 | D:11     | Gained mutation: Your magical capacity is low. (-10% MP)
                  | [potion of mutation]
 10129 | D:11     | Gained mutation: You occasionally shout uncontrollably at
                  | your foes. [potion of mutation]
 10129 | D:11     | Gained mutation: Your mind is acute. (Int +4, Str/Dex -1)
                  | [potion of mutation]
 10130 | D:11     | Lost mutation: Your mind is acute. (Int +4, Str/Dex -1)
                  | [potion of mutation]
 10130 | D:11     | Lost mutation: You occasionally shout uncontrollably at
                  | your foes. [potion of mutation]
 10130 | D:11     | Lost mutation: Your magical capacity is low. (-10% MP)
                  | [potion of mutation]
 10130 | D:11     | Gained mutation: You are partially covered in large bone
                  | plates. (SH +4) [potion of mutation]
 10131 | D:11     | Lost mutation: You are partially covered in large bone
                  | plates. (SH +4) [potion of mutation]
 10131 | D:11     | Lost mutation: Your body sometimes deteriorates upon taking
                  | damage. [potion of mutation]
 10131 | D:11     | Gained mutation: You passively map a small area around you.
                  | [potion of mutation]
 10131 | D:11     | Gained mutation: You have sharp fingernails. [potion of
                  | mutation]
 10131 | D:11     | Gained mutation: You are partially covered in iridescent
                  | scales. (AC +2) [potion of mutation]
 10131 | D:11     | Gained mutation: You expend magic power (3 MP) to
                  | strengthen your wands. [potion of mutation]
 10990 | D:12     | Noticed a boulder beetle
 10991 | D:12     | Found Vok Lidd's General Store.
 11003 | D:12     | Killed a boulder beetle
 11083 | D:12     | Bought a potion of heal wounds for 70 gold pieces
 11083 | D:12     | Bought a scroll of identify for 28 gold pieces
 11100 | D:12     | Reached *** piety under the Shining One
 11504 | D:13     | Reached skill level 13 in Fighting
 11506 | D:13     | Noticed Erolcha
 11519 | D:13     | Killed Erolcha
 11629 | D:13     | Noticed a seven-headed hydra
 11645 | D:13     | Killed a seven-headed hydra
 11827 | D:13     | Reached XP level 13. HP: 85/88 MP: 20/20
 12624 | D:14     | Noticed Frances
 12641 | D:14     | Killed Frances
 12642 | D:14     | Reached skill level 5 in Dodging
 12785 | D:14     | Reached skill level 10 in Invocations
 12848 | D:14     | Reached **** piety under the Shining One
 13146 | D:14     | Noticed a vault guard
 13150 | D:14     | Reached skill level 14 in Fighting
 13160 | D:14     | Killed a vault guard
 13362 | D:14     | Noticed a fire dragon
 13363 | D:14     | Found a basalt altar of Yredelemnul.
 13376 | D:14     | Killed a fire dragon
 13668 | D:14     | Found a gate to the Vaults.
 13826 | Lair:1   | Entered Level 1 of the Lair of Beasts
 14280 | Lair:1   | Gained mutation: Your large and strong wings let you fly.
                  | [Gargoyle growth]
 14280 | Lair:1   | Reached XP level 14. HP: 60/96 MP: 22/22
 14390 | Lair:1   | Noticed Grum
 14415 | Lair:1   | Killed Grum
 14470 | Lair:1   | Noticed Harold
 14499 | Lair:1   | Killed Harold
 15422 | Lair:2   | Found a staircase to the Snake Pit.
 16128 | Lair:2   | Learned a level 1 spell: Apportation
 16169 | Lair:3   | Noticed Kirke
 16176 | Lair:3   | Noticed a sphinx
 16185 | Lair:3   | HP: 3/96 [Kirke (5)]
 16186 | Lair:3   | Killed from afar by a sphinx

Illustrated notes

Levels and vault maps discovered:
D:1:      lemuel_arrival_river_passageway, layout_rooms,
          hellmonk_ecumenical_altar_lost_god
D:2:      layout_basic, minmay_hedge_maze, minmay_misc_feat_more_columns,
          uniq_jessica, uniq_crazy_yiuf_cottage, uniq_robin
D:3:      layout_rooms, minivault_23
D:4:      layout_loops_corners
D:5:      layout_basic, ebering_ghost_sewer_f,
          amcnicky_mini_rare_corridor_liquid, uniq_eustachio
D:6:      layout_gridville, kennysheep_mini_moat, hangedman_abyss_or_decor_stabs
D:7:      layout_basic, nicolae_uskayaw_en_pointe, minmay_temple_entry_tees
D:8:      layout_loops_ring
D:9:      layout_cave_pools, kennysheep_orc_sif_temple, erik_lair_dragon,
          david_orc_5
D:10:     layout_roguey, uniq_maurice, uniq_josephine
D:11:     layout_loops_ring, uniq_lodul
D:12:     layout_stronghold, serial_shops, nicolae_stop_n_shop_1
D:13:     layout_stronghold, serial_column_ruins, column_ruins_circle_medium,
          column_ruins_columns_straight, column_ruins_grid_4,
          column_ruins_open_small, column_ruins_corridor_corner, uniq_erolcha
D:14:     layout_cave_pools, david_vaults_5, lemuel_tele_altar, uniq_frances
Temple:   hellmonk_temple_of_storms
Lair:1:   minmay_lair_oklob_chamber, layout_long_grid, st_stairs_12,
          cheibrodos_lair_caveside_slide, minmay_shattered_shrine,
          grunt_megastairs_1, uniq_harold, uniq_grum
Lair:2:   layout_long_grid, minmay_snake_entry_six_corridors,
          minmay_lair_oklob_bushes, serial_bayou_shore_b, uniq_urug
Lair:3:   nzn_winding_woodlands_large [nzn_winding_woodlands_5x5_checkerboard,
          nzn_winding_woodlands_5x15_lazy_stream,
          nzn_winding_woodlands_5x5_three,
          nzn_winding_woodlands_center_triple_pond,
          nzn_winding_woodlands_15x15_boxy_spiral,
          nzn_winding_woodlands_center_garden,
          nzn_winding_woodlands_5x5_default, nzn_winding_woodlands_5x15_pool,
          nzn_winding_woodlands_hourglass], layout_cave_shapes,
          minmay_shoals_entry_hut, gammafunk_ghost_grave, enter_volcano_1,
          roderic_batcave, uniq_sonja, uniq_kirke, uniq_snorg

Skill      XL: |  1  2  3  4  5  6  7  8  9 10 11 12 13 14 |
---------------+-------------------------------------------+-----
Fighting       | 4 5 6 8 9 11 12 13 14 | 14.9
Maces & Flails | 3 4 5 7 8 9 10 12 13 | 13.6
Armour         | 4 5 6 7 |  7.9
Evocations     | 1 4 |  4.3
Invocations    | 5 7 9 11 | 11.7
Shields        | 5 |  5.8
Dodging        | 2 4 6 |  6.6
Translocations | |  0.3

Action                   |  1- 3 |  4- 6 |  7- 9 | 10-12 | 13-15 || total
-------------------------+-------+-------+-------+-------+-------++-------
Melee: Flail             |   102 |   217 |   421 |   647 |       ||  1387
       Morningstar       |       |       |       |   207 |   492 ||   699
       Unarmed           |       |       |       |       |     2 ||     2
Invok: Divine Shield     |       |       |       |       |     4 ||     4
       Cleansing Flame   |       |       |       |       |     3 ||     3
Evoke: Wand              |       |       |     6 |    16 |     8 ||    30
  Use: Potion            |       |     1 |     1 |     4 |     2 ||     8
       Scroll            |       |     2 |    13 |     9 |     9 ||    33
 Stab: Paralysed         |       |       |     7 |       |       ||     7
Armor: Scale mail        |    55 |   131 |   300 |       |       ||   486
       Chain mail        |       |       |    51 |   300 |       ||   351
       Acid dragon scale |       |       |       |   211 |   352 ||   563
Dodge: Dodged            |    58 |    85 |   215 |   335 |   274 ||   967
Block: Buckler           |    20 |    38 |    92 |    80 |       ||   230
       Kite shield       |       |       |       |   180 |   274 ||   454
       Other             |       |       |       |       |     3 ||     3

Table legend: (Time is in decaauts)
 A = Elapsed time spent in this place.
 B = Non-inter-level travel time spent in this place.
 C = Inter-level travel time spent in this place.
 D = Time resting spent in this place.
 E = Time spent auto-exploring this place.
 F = Levels seen in this place.
 G = Mean time per level.
                   A        B        C        D        E       F      G
               +--------+--------+--------+--------+--------+-----+--------+
         Total |  16455 |  15341 |   1114 |   2020 |   9491 |  18 |  914.2 |
       Dungeon |  14082 |  13065 |   1017 |   1815 |   7941 |  14 | 1005.9 |
        Temple |     14 |      7 |      7 |      0 |      0 |   1 |   14.0 |
          Lair |   2357 |   2269 |     88 |    205 |   1550 |   3 |  785.7 |
               +--------+--------+--------+--------+--------+-----+--------+

Top non-repeatable levels by time:
    D:13: 1457 daAuts
  Lair:1: 1450 daAuts
     D:9: 1428 daAuts
     D:8: 1309 daAuts
     D:7: 1202 daAuts
     D:4: 1138 daAuts
    D:10: 1085 daAuts
     D:6: 1006 daAuts
     D:5: 992 daAuts
    D:12: 983 daAuts
    D:14: 926 daAuts
  Lair:2: 890 daAuts
    D:11: 840 daAuts
     D:2: 648 daAuts
     D:1: 592 daAuts
